 Dungeon Crawl Stone Soup version 0.29-a0-271-gd4eb659eea (webtiles) character file.

Game seed: 1391823297360180997

95 spaghetti the Ducker (level 4, 0/31 HPs)
             Began as an Octopode Fighter on Mar 8, 2022.
             Was a Believer of Zin.
             Slain by Robin
             ... wielding a +0 trident
              (6 damage)
             ... on level 2 of the Dungeon.
             The game lasted 00:02:00 (2110 turns).

spaghetti the Ducker (Octopode Fighter)             Turns: 2110, Time: 00:02:00

Health: 0/31       AC:  1    Str: 16    XL:     4   Next: 65%
Magic:  2/4        EV: 14    Int: 11    God:    Zin [**....]
Gold:   100        SH:  5    Dex: 14    Spells: 3/3 levels left

rFire   . . .      SeeInvis .   a - +0 long sword (vorpal) {long}
rCold   . . .      Faith    .   b - +0 buckler
rNeg    . . .      Spirit   .   (helmet restricted)
rPois   ∞          Reflect  .   (no amulet)
rElec   .          Harm     .   (no ring)
rCorr   .          Rampage  .   (no ring)
Will    .....                   (no ring)
Stlth   ++........              (no ring)
HPRegen 0.10/turn               (no ring)
MPRegen 0.09/turn               (no ring)
                                (no ring)
                                (no ring)

@: vitalised, on recite cooldown
A: almost no armour, amphibious, 8 rings, camouflage 1, gelatinous body 1,
(nimble swimmer 1), tentacles
a: Renounce Religion, Recite, Vitalisation, Donate Gold


You were on level 2 of the Dungeon.
You worshipped Zin.
Zin was pleased with you.
You visited 1 branch of the dungeon, and saw 2 of its levels.

You collected 111 gold pieces.
You donated 11 gold pieces to Zin.


Innate Abilities, Weirdness & Mutations

You cannot wear most types of armour.
You are amphibious.
You can wear up to eight rings at the same time.
Your skin changes colour to match your surroundings (Stealth+).
Your rubbery body absorbs attacks. (AC +1, EV +1)
((You are camouflaged when in or above water. (Stealth+)))
You have tentacles for arms and can constrict up to eight enemies at once.


   Skills:
 - Level 3.2 Fighting
 - Level 2.3 Long Blades
 + Level 4.0 Dodging
 - Level 3.2 Shields
 + Level 2.3 Evocations


You had 3 spell levels left.
You didn't know any spells.
Your spell library contained the following spells:

 Spells                   Type           Power      Damage    Failure   Level
 Call Canine Familiar     Summ           0%         N/A       80%         3
 Portal Projectile        Hex/Tloc       0%         N/A       80%         3
 Leda's Liquefaction      Hex/Erth       0%         N/A       99%         4

Inventory:

Hand Weapons
 a - a +0 vorpal long sword (weapon) {long}
Missiles
 j - 46 stones (quivered) {throwing}
Armour
 b - a +0 buckler (worn)
Magical Staves
 e - a staff of earth {!astaff}
   (You found it on level 1 of the Dungeon)
Jewellery
 m - a ring of positive energy
   (You found it on level 2 of the Dungeon)
Scrolls
 f - a scroll of holy word {unknown}
 g - a scroll of vulnerability {unknown}
 i - a scroll of amnesia {unknown}
 k - a scroll of torment {unknown}
Potions
 c - a potion of might
 d - 2 potions of haste {unknown}
 h - a potion of lignification {unknown}
 l - a potion of degeneration {unknown}

Dungeon Overview and Level Annotations

Branches:
Dungeon (2/15)

Altars:
Zin

Annotations:
D:2 Robin

. ...#######.
#.... ##.
......... ##...
.g.##....... ##...
##g...$..g. ...
#.... #g........#
#.# #....
#g....g...# #.#
#.... #.g...ggg.#
#.# #....
#g#####.######....
#@#......†.)......
#)#.......)....###
#)#.........)..#
#..............###
##r...............
#..###+####....).
##.# #...... #.#
#...... #.#
#......


You could see Robin (dazed), a quokka and 5 goblins.


Message History

The goblin closely misses you.
The goblin unwields a +0 club.
The goblin wields a +0 hunting sling.
The goblin shoots a sling bullet.
The sling bullet barely misses you.
The sling bullet barely misses the goblin.
Your Dodging skill increases to level 4!
You slash the goblin!
You kill the goblin!
The goblin shoots a sling bullet.
The sling bullet misses you.
The goblin shouts!
The goblin unwields a +0 hunting sling.
The goblin wields a +0 club.
The goblin hits you with a +0 club.
Things that are here:
a +0 club {mace}; a +0 club {mace}; a +0 dagger {short} You hit the goblin.
You kill the goblin!
Robin throws the goblin at you! The goblin hits you with a +0 club.
You closely miss the hobgoblin. You grab the hobgoblin.
You constrict the hobgoblin. The hobgoblin closely misses you.
The goblin closely misses you.
You hit the hobgoblin.
You kill the hobgoblin!
The goblin misses you.
The frilled lizard hisses.
The frilled lizard misses you. The goblin closely misses you.
You completely miss the frilled lizard. Your grab misses the frilled lizard.
The frilled lizard closely misses you. The goblin hits you with a +0 club.
Robin hits you from afar with a +0 trident.
* * * LOW HITPOINT WARNING * * *
You are too injured to fight recklessly!
You are too injured to fight recklessly!
You are too injured to fight recklessly!
You are too injured to fight recklessly!
You are too injured to fight recklessly!
You are too injured to fight recklessly!
You are too injured to fight recklessly!
You are too injured to fight recklessly!
You are too injured to fight recklessly!
You are too injured to fight recklessly!
You are too injured to fight recklessly! 😨 HP[-15]
You take 15 damage, and now have 15/31 hp.
MASSIVE DAMAGE!! (PAUSE)
Okay, then.
Activating: Recite (9% risk of failure)
Press: ? - help, Dir - look around, f - activate You clear your throat and prepare to recite. "In a great set of silver scales are weighed the..."
The goblin is confused by your recitation.
Robin is dazed by your recitation. The goblin is dazed by your recitation.
The goblin shouts!
The frilled lizard bites you but does no damage.
The goblin hits Robin but does no damage.
The goblin hits you with a +0 club.
* * * LOW HITPOINT WARNING * * *
You block Robin's attack. 😨 HP[-6]
You take 6 damage, and now have 9/31 hp.
Unknown command.
Zin grants you divine stamina. "...souls of the servants of Hell, and with their blasphemous..."
The goblin is dazed by your recitation.
The goblin shouts!
The goblin is dazed by your recitation.
The goblin shouts!
The goblin no longer looks unusually strong.
The goblin is lost in a daze.
The frilled lizard bites you.
* * * LOW HITPOINT WARNING * * *
Robin is lost in a daze. 😱 HP[-2] MP[-2]
You take 2 damage, and now have 7/31 hp.
You lost 2 mp, and now have 2/4 mp.
Unknown command.
You hit the goblin.
You kill the goblin! "...ways, the balance hath tipped against them!"
The goblin is dazed by your recitation.
You finish reciting Anathema 11:35.
The goblin is lost in a daze.
The frilled lizard closely misses you.
The goblin is lost in a daze.
Robin is lost in a daze.
The goblin misses the frilled lizard.
You closely miss the frilled lizard. You grab the frilled lizard.
You squeeze the frilled lizard.
You kill the frilled lizard!
The goblin no longer looks unusually strong.
The goblin is lost in a daze.
Robin is lost in a daze.
A quokka comes into view.
The goblin is lost in a daze.
Robin is lost in a daze. 😨 HP[+1]
You miss the goblin. Your grab misses the goblin.
The goblin no longer looks unusually strong.
The goblin misses you. Robin throws the goblin at you!
* * * LOW HITPOINT WARNING * * *
You block the goblin's attack. 😱 HP[-2]
You take 2 damage, and now have 6/31 hp.
You hit the goblin.
You kill the goblin!
The goblin is lost in a daze. x2
Robin hits you from afar with a +0 trident.
You die...

Skill      XL: |  1  2  3  4 |
---------------+-------------+-----
Evocations     | 2 |  2.3
Dodging        | 4 |  4.0
Fighting       | |  3.2
Long Blades    | |  2.3
Shields        | |  3.2

Action                   |  1- 3 |  4- 6 || total
-------------------------+-------+-------++-------
Melee: Long sword        |    69 |    14 ||    83
       Constrict         |    20 |     3 ||    23
       Tentacles         |    13 |     1 ||    14
Invok: Recite            |       |     1 ||     1
       Vitalisation      |       |     1 ||     1
  Use: Scroll            |     1 |       ||     1
 Stab: Sleeping          |     7 |       ||     7
Armor: Skin              |     5 |     1 ||     6
Dodge: Dodged            |    41 |    12 ||    53
Block: Buckler           |    14 |     4 ||    18

Levels and vault maps discovered:
D:1:      roderic_crop_circles_arrival_small, layout_loops_corners,
          shapermc_ecumenical_altar_ellora, serial_forest,
          infiniplex_forest_fountain, infiniplex_forest_lined_ring,
          infiniplex_forest_lined_room_3, infiniplex_forest_split,
          infiniplex_forest_side_room, infiniplex_forest_corner_2,
          infiniplex_forest_lined_room_2, infiniplex_forest_clump_curved,
          infiniplex_forest_straight_4, infiniplex_forest_zigzag_1,
          serial_bayou_pond_a, minmay_misc_feat_ornament, corexii_hall_statues_l
D:2:      layout_basic, uniq_terence, uniq_robin

Notes
Turn   | Place    | Note
-------+----------+-------------------------------------------
     0 | D:1      | spaghetti the Octopode Fighter began the quest for the Orb.
     0 | D:1      | Reached XP level 1. HP: 16/16 MP: 1/1
     0 | D:1      | magus.rc [v1.9.6]
   227 | D:1      | Reached XP level 2. HP: 20/21 MP: 2/2
   468 | D:1      | Reached XP level 3. HP: 23/26 MP: 3/3
   998 | D:1      | Reached skill level 1 in Evocations
  1362 | D:1      | Found a faded altar of an unknown god.
  1494 | D:1      | Prayed at the altar of an unknown god.
  1494 | D:1      | Became a worshipper of Zin the Law-Giver
  1494 | D:1      | Reached * piety under Zin
  1917 | D:2      | Reached ** piety under Zin
  1943 | D:2      | You pick up a book of the Hunter and begin reading...
  1943 | D:2      | You add the spells Call Canine Familiar, Portal Projectile
                  | and Leda's Liquefaction to your library.
  1997 | D:2      | Noticed Terence
  2004 | D:2      | Killed Terence
  2005 | D:2      | Reached skill level 2 in Evocations
  2005 | D:2      | Reached XP level 4. HP: 25/31 MP: 4/4
  2090 | D:2      | Noticed Robin
  2099 | D:2      | Reached skill level 4 in Dodging
  2106 | D:2      | HP: 7/31 [frilled lizard (2)]
  2110 | D:2      | Slain by Robin

Vanquished Creatures
  Terence (D:2)
  2 gnolls (D:1)
  3 endoplasms
  A giant cockroach (D:1)
  10 goblins
  4 hobgoblins
  5 quokkas (D:1)
  3 ball pythons
  5 bats (D:1)
  3 frilled lizards
  4 kobolds
  4 rats (D:1)
45 creatures vanquished.

Vanquished Creatures (others)
  10 plants (D:1)
10 creatures vanquished.

Grand Total: 55 creatures vanquished

Table legend:
 A = Non-vault XP
 B = Vault XP
 C = Vault XP percentage of total XP
 D = Non-vault monster count
 E = Vault monster count
 F = Vault count percentage of total count
                 A         B        C        D         E       F
            +---------+---------+-------+---------+---------+-------
      Total |      86 |      52 |  37.7 |      37 |       8 |  17.8
            +---------+---------+-------+---------+---------+-------
        D:1 |      72 |       0 |   0.0 |      28 |       0 |   0.0
        D:2 |      14 |      52 |  78.8 |       9 |       8 |  47.1
            +---------+---------+-------+---------+---------+-------

Illustrated notes

Table legend:
 A = Kills in this place as a percentage of kills in entire the game.
 B = Kills by you in this place as a percentage of kills by you in the entire game.
 C = Kills by friends in this place as a percentage of kills by friends in the entire game.
 D = Other kills in this place as a percentage of other kills in the entire game.
 E = Experience gained in this place as a percentage of experience gained in the entire game.
 F = Experience gained in this place divided by the number of levels of this place that you have seen.
                   A       B       C       D       E      F
               +-------+-------+-------+-------+-------+----------------------
         Total | 100.0 | 100.0 |   N/A |   N/A | 100.0 |  69.0
       Dungeon | 100.0 | 100.0 |   N/A |   N/A | 100.0 |  69.0
               +-------+-------+-------+-------+-------+----------------------

Table legend: (Time is in decaauts)
 A = Elapsed time spent in this place.
 B = Non-inter-level travel time spent in this place.
 C = Inter-level travel time spent in this place.
 D = Time resting spent in this place.
 E = Time spent auto-exploring this place.
 F = Levels seen in this place.
 G = Mean time per level.
                   A        B        C        D        E       F      G
               +--------+--------+--------+--------+--------+-----+--------+
         Total |   2136 |   2031 |    105 |    282 |   1503 |   2 | 1068.0 |
       Dungeon |   2136 |   2031 |    105 |    282 |   1503 |   2 | 1068.0 |
               +--------+--------+--------+--------+--------+-----+--------+

Top non-repeatable levels by time:
     D:1: 1877 daAuts
     D:2: 259 daAuts
